 Dungeon Crawl Stone Soup version 0.24-a0-355-gbe4061de67 (console) character file.

Game seed: 11618927178615899821

116 Voker57 the Skirmisher (level 4, -5/38 HPs)
             Began as a Demonspawn Monk on May 24, 2019.
             Killed from afar by an orc wizard (6 damage)
             ... with a magic dart
             ... on level 3 of the Dungeon.
             The game lasted 00:03:18 (2554 turns).

Voker57 the Skirmisher (Demonspawn Monk)            Turns: 2554, Time: 00:03:18

Health: -5/38      AC:  5    Str:  7 (9)  XL:     4   Next: 69%
Magic:  4/4        EV: 14    Int:  8 (11) God:
Gold:   68         SH:  0    Dex: 15 (17) Spells: 3/3 levels left

rFire    + + .     SeeInvis .   a - +1 falchion
rCold    + + .     Gourm    .   (no shield)
rNeg     . . .     Faith    .   b - +0 robe
rPois    +         Spirit   .   (helmet restricted)
rElec    +         Reflect  .   j - scarf {rC+ rF+}
rCorr    +         Harm     .   q - +0 pair of gloves
MR       .....     Clarity  +   (no boots)
Stlth    ++........             (no amulet)
HPRegen  0.12/turn              (no ring)
MPRegen  0.09/turn              (no ring)

@: resistant
A: horns 1, molten scales 1, clarity, weak 1
a: no special abilities


You were on level 3 of the Dungeon.
You were near starving.

You visited 1 branch of the dungeon, and saw 3 of its levels.

You collected 68 gold pieces.

Inventory:

Hand Weapons
 a - a +1 falchion (weapon)
Missiles
 p - 2 silver javelins (quivered)
Armour
 b - a +0 robe (worn)
 d - a +0 pair of gloves
 j - a scarf of resistance (worn)
 q - a +0 pair of gloves (worn)
Jewellery
 g - an uncursed ring of wizardry {unknown}
 l - an uncursed ring of protection from magic {unknown}
Scrolls
 e - 2 scrolls of identify
 m - 2 scrolls of remove curse
Potions
 h - a potion of mutation
Comestibles
 c - 5 rations


   Skills:
 + Level 4.4 Fighting
 - Level 2.6 Long Blades
 + Level 4.0 Dodging
 - Level 1.7 Stealth


You had 3 spell levels left.
You didn't know any spells.
Your spell library was empty.

Dungeon Overview and Level Annotations

Branches:
Dungeon (3/15)

Altars:


Innate Abilities, Weirdness & Mutations

You are partially covered in molten scales. (AC +2)
You have a pair of small horns on your head.
You possess an exceptional clarity of mind.
You are weak. (Str -2)


Message History

The orc wizard is lightly wounded.
The orc wizard casts a spell at you. The magic dart hits you.
* * * LOW HITPOINT WARNING * * *
The orc priest miscasts a cantrip.
You see here a stone.
You are near starving!
The orc priest enters a dispersal trap!
The orc wizard blinks! x2; You blink.
The orc wizard mumbles some strange words.
The orc wizard seems to speed up.
The orc wizard points at you and mumbles some strange words.
The puff of flame misses you.
The orc wizard points at you and mumbles some strange words.
The puff of flame hits you. You resist.
* * * LOW HITPOINT WARNING * * *
The orc wizard's inner flame fades away.
There is a stone staircase leading up here.
The orc wizard casts a spell at you. The magic dart hits you.
You die...

...o.#.##.####.##.#
###.o#.##.##....#.#
#..#.##.##.#..#.#
#..#.##.##.#..#.#
#.............#.#
##>...#.##.#.##.#
####.#.##.#.##.#
#.#..#.#.o..##
#.##.#.......# #.#
.#.#..@### #.#
.#.....# #.#
.#.....# #..
.#######


You could see an orc wizard.

Vanquished Creatures
  6 adders
  An ooze (D:2)
  A worm (D:2)
  A dart slug (D:1)
  3 leopard geckos
  An orc (D:3)
  A ball python (D:2)
  3 giant cockroaches
  6 goblins
  3 hobgoblins
  4 jackals (D:1)
  4 bats
  2 frilled lizards (D:1)
  7 kobolds
  9 rats
52 creatures vanquished.

Notes
Turn   | Place    | Note
-------+----------+-------------------------------------------
     0 | D:1      | Voker57 the Demonspawn Monk began the quest for the Orb.
     0 | D:1      | Reached XP level 1. HP: 18/18 MP: 1/1
   261 | D:1      | Gained mutation: You are partially covered in molten
                  | scales. (AC +2) [demonic ancestry]
   261 | D:1      | Reached XP level 2. HP: 17/24 MP: 2/2
   769 | D:2      | Reached XP level 3. HP: 18/30 MP: 3/3
  1493 | D:2      | Reached XP level 4. HP: 28/37 MP: 4/4
  2511 | D:3      | Gained mutation: You are weak. (Str -2) [potion of
                  | mutation]
  2511 | D:3      | Gained mutation: You possess an exceptional clarity of
                  | mind. [potion of mutation]
  2511 | D:3      | Gained mutation: You have a pair of small horns on your
                  | head. [potion of mutation]
  2533 | D:3      | HP: 1/38 [orc wizard/magic dart (6)]
  2550 | D:3      | HP: 1/38 [orc wizard/puff of flame (2)]
  2554 | D:3      | Killed from afar by an orc wizard

Levels and vault maps discovered:
D:1:      eino_arrival_tree_alley, layout_loops_ring
D:2:      layout_basic, first_ration
D:3:      layout_basic

Skill      XL: |  1  2  3  4 |
---------------+-------------+-----
Dodging        | 3 4 |  4.0
Fighting       | 4 |  4.4
Long Blades    | |  2.6
Stealth        | |  1.7

Action                   |  1- 3 |  4- 6 || total
-------------------------+-------+-------++-------
Melee: Falchion          |   115 |    75 ||   190
  Use: Scroll            |     1 |     5 ||     6
       Potion            |     1 |     6 ||     7
 Stab: Sleeping          |     8 |     4 ||    12
  Eat: Chunk             |     1 |     3 ||     4
Armor: Robe              |    38 |    17 ||    55
Dodge: Dodged            |   106 |    52 ||   158
       Rpst.: Falchion   |    33 |    20 ||    53

Table legend:
 A = Non-vault XP
 B = Vault XP
 C = Vault XP percentage of total XP
 D = Non-vault monster count
 E = Vault monster count
 F = Vault count percentage of total count
                 A         B        C        D         E       F
            +---------+---------+-------+---------+---------+-------
      Total |     166 |       0 |   0.0 |      52 |       0 |   0.0
            +---------+---------+-------+---------+---------+-------
        D:1 |      38 |       0 |   0.0 |      22 |       0 |   0.0
        D:2 |      96 |       0 |   0.0 |      25 |       0 |   0.0
        D:3 |      32 |       0 |   0.0 |       5 |       0 |   0.0
            +---------+---------+-------+---------+---------+-------
